 Dungeon Crawl Stone Soup version 0.28.0-43-g3370ac3207 (webtiles) character file.

Game seed: 17036822126472591210

1446 Faeu the Covered (level 8, -2/73 HPs)
             Began as a Minotaur Fighter on Mar 21, 2022.
             Slain by a bullfrog (5 damage)
             ... on level 7 of the Dungeon.
             The game lasted 00:33:14 (5714 turns).

Faeu the Covered (Minotaur Fighter)                 Turns: 5714, Time: 00:33:14

Health: -2/73      AC: 14    Str: 22    XL:     8   Next: 46%
Magic:  7/7        EV:  6    Int:  5    God:
Gold:   235        SH:  5    Dex: 11    Spells: 7/7 levels left

rFire   + . .      SeeInvis .   z - +4 short sword {short}
rCold   x . .      Faith    .   c - +0 buckler
rNeg    . . .      Spirit   .   C - +0 plate armour
rPois   .          Reflect  .   v - +0 hat
rElec   .          Harm     .   f - +0 cloak
rCorr   .          Rampage  .   (no gloves)
Will    .....                   (no boots)
Stlth   ..........              (no amulet)
HPRegen 0.22/turn               w - ring of fire
MPRegen 0.10/turn               (no ring)

@: lethally poisoned (-2 -> -4)
A: horns 2, retaliatory headbutt
a: no special abilities


You were on level 7 of the Dungeon.
You visited 1 branch of the dungeon, and saw 7 of its levels.

You collected 235 gold pieces.


Innate Abilities, Weirdness & Mutations

You have a pair of horns on your head.
You reflexively headbutt those who attack you in melee.


   Skills:
 + Level 7.2 Fighting
 + Level 6.7 Long Blades
 + Level 7.3 Armour
 + Level 7.3 Shields


You had 7 spell levels left.
You didn't know any spells.
Your spell library contained the following spells:

 Spells                   Type           Power      Damage    Failure   Level
 Corpse Rot               Necr/Air       0%         N/A       100%        2
 Poisonous Vapours        Pois/Air       0%         N/A       100%        2
 Dispel Undead            Necr           0%         3d6       100%        4
 Death Channel            Necr           0%         N/A       100%        6

Inventory:

Hand Weapons
 a - a +0 long sword {long}
 z - a +4 short sword (weapon) {short}
   (You took it off a kobold on level 4 of the Dungeon)
Missiles
 h - 2 poisoned darts (quivered) {throwing}
 k - 174 stones {throwing}
 r - 6 boomerangs {throwing}
 y - 6 atropa-tipped darts {throwing}
 A - 4 silver javelins {throwing}
Armour
 c - a +0 buckler (worn)
 f - a +0 cloak (worn)
   (You found it on level 5 of the Dungeon)
 v - a +0 hat (worn)
   (You found it on level 3 of the Dungeon)
 B - the +3 robe of Jauvar {rElec rF+ rC- Int+6}
   (You found it on level 5 of the Dungeon)

   Int:       It affects your intelligence (+6).
   rF:        It protects you from fire.
   rC:        It makes you vulnerable to cold.
   rElec:     It insulates you from electricity.
 C - a +0 plate armour (worn)
   (You found it on level 5 of the Dungeon)
Jewellery
 w - a ring of fire (left hand)
   (You found it on level 3 of the Dungeon)
Scrolls
 b - a scroll of fear {unknown}
 g - 6 scrolls of teleportation {@r4}
 i - a scroll of brand weapon {unknown}
 j - 2 scrolls of vulnerability {!r!r}
 l - 3 scrolls of identify {unknown}
 s - a scroll of noise {unknown}
Potions
 d - a potion of might
 e - 2 potions of curing {unknown}
 o - 6 potions of heal wounds {unknown}
 q - a potion of lignification {unknown}
 t - 3 potions of attraction {unknown}
 u - a potion of brilliance {unknown}
 x - a potion of flight {unknown}

Dungeon Overview and Level Annotations

Branches:
Dungeon (7/15)
 Temple: D:4-7

Altars:
Cheibriados
Elyvilon
Sif Muna
Yredelemnul

Shops:
D:3

: . .. ...
... ..
#########y#
+....F@yZ.#
######yy..#
#.##.# ...
.# .... #
......
.###### ..


You could see a bullfrog, 4 killer bees and a howler monkey skeleton.


Message History

Found a stone staircase leading down. 😎 HP[+1]
Your hp is fully restored (73).
There is a stone staircase leading down here.
Found a stone staircase leading down.
There is a stone staircase leading down here.
Save game and exit? 🤖 Initializing magus.rc ...
Options error: Delay interrupt name "hungry" not recognised. (~/.crawlrc:4771) Options error: Bad monster_list_colour key: strict_neutral (~/.crawlrc:4786) ✅ Successfully initialized magus.rc [v1.9.6] Welcome back, Faeu the Minotaur Fighter.
Press ? for a list of commands and other information.
You see here 23 arrows.
An orc priest comes into view. It is wielding a +0 mace.
The orc priest shouts!
Found a stone staircase leading down.
The orc priest invokes the aid of Beogh against you.
Beogh smites you! 😕 HP[-13]
You take 13 damage, and now have 60/73 hp.
The orc priest mumbles some strange prayers to Beogh against you.
Beogh smites you!
You see here a +0 robe. 😮 HP[-14]
You take 14 damage, and now have 46/73 hp.
An orc wizard comes into view. It is wielding a +0 dagger.
The orc wizard shouts!
You hear a shout!
An orc comes into view. It is wielding a +0 flail.
The orc wizard casts a spell.
The orc wizard flickers and vanishes!
Deactivating autopickup; reactivate with Ctrl-A.
The orc shouts! 😮 HP[+1]
The orc priest calls down the wrath of Beogh upon you.
Beogh smites you!
* * * LOW HITPOINT WARNING * * *
You hear a shout! 😨 HP[-11]
You take 11 damage, and now have 36/73 hp.
There is a stone staircase leading down here.
You climb downwards.
Reactivating autopickup.
The bullfrog croaks.
The killer bee buzzes angrily. x3
You hear an angry buzzing noise.
There is a stone staircase leading up here. 😮 HP[+1]
You hit the killer bee. You headbutt the killer bee.
You block the killer bee's attack. The killer bee stings you.
* * * LOW HITPOINT WARNING * * *
The bullfrog hits you.
* * * LOW HITPOINT WARNING * * *
The killer bee stings you but does no damage. 😨 HP[-10]
You take 10 damage, and now have 27/73 hp.
You completely miss the killer bee. Your headbutt misses the killer bee.
You block the killer bee's attack. The killer bee stings you!
* * * LOW HITPOINT WARNING * * *
You are poisoned.
The killer bee poisons you! You block the killer bee's attack.
The bullfrog hits you.
* * * LOW HITPOINT WARNING * * *
The killer bee closely misses you. You furiously retaliate!
You headbutt the killer bee, but do no damage.
The killer bee barely misses you.
The killer bee stings you but does no damage. 😱 HP[-9]
You take 9 damage, and now have 18/73 hp.
You hit the bullfrog.
You feel sick. The killer bee barely misses you.
You block the killer bee's attack. The killer bee barely misses you.
The bullfrog hits you but does no damage.
A howler monkey skeleton comes into view. 😱 HP[-2]
You take 2 damage, and now have 16/73 hp.
You barely miss the bullfrog.
You feel sick. The killer bee stings you!
* * * LOW HITPOINT WARNING * * *
The killer bee barely misses you.
The killer bee stings you but does no damage.
You block the bullfrog's attack. The killer bee barely misses you.
You block the killer bee's attack. The killer bee barely misses you.
The bullfrog hits you but does no damage. 😱 HP[-7]
You take 7 damage, and now have 9/73 hp.
You hit the bullfrog.
You feel sick. You block the killer bee's attack.
The killer bee stings you but does no damage.
You block the killer bee's attack.
The killer bee stings you but does no damage.
The killer bee barely misses you. You furiously retaliate!
You headbutt the killer bee. The bullfrog barely misses you.
You block the killer bee's attack. 😱 HP[-2]
You take 2 damage, and now have 7/73 hp.
You puncture the bullfrog! Your headbutt misses the bullfrog.
You feel sick. You block the killer bee's attack.
The killer bee stings you but does no damage.
The killer bee stings you.
* * * LOW HITPOINT WARNING * * *
A killer bee comes into view.
The bullfrog hits you.
You die...

Skill      XL: |  1  2  3  4  5  6  7  8 |
---------------+-------------------------+-----
Armour         | 4 5 6 7 |  7.3
Shields        | 4 5 6 7 |  7.3
Fighting       | 4 5 6 7 |  7.2
Long Blades    | 3 4 5 6 |  6.7

Action                   |  1- 3 |  4- 6 |  7- 9 || total
-------------------------+-------+-------+-------++-------
Melee: Long sword        |    90 |    83 |       ||   173
       Headbutt          |    14 |    17 |    16 ||    47
       Short sword       |       |    55 |    97 ||   152
Throw: Dart              |     2 |       |     4 ||     6
       Stone             |       |    27 |    27 ||    54
  Use: Scroll            |       |       |     2 ||     2
Armor: Scale mail        |    38 |    62 |    15 ||   115
       Plate armour      |       |       |    38 ||    38
Dodge: Dodged            |    32 |    69 |    42 ||   143
Block: Buckler           |    18 |    22 |    28 ||    68

Levels and vault maps discovered:
D:1:      saegor_arrival_under_anarchy, layout_basic,
          ebering_ecumenical_altar_abandoned, minmay_cupped
D:2:      minmay_roachtagon, layout_basic, serial_curves, eino_curves_01,
          eino_curves_01, eino_curves_01, eino_curves_04, basic_altar,
          uniq_robin
D:3:      layout_rooms, serial_shops, nicolae_shop_behind_doors, uniq_jessica
D:4:      layout_layer_cave, uniq_blork_the_orc
D:5:      layout_rooms, gammafunk_temple_overflow_elements,
          dk_yredelemnul_ordeal, uniq_grinder
D:6:      layout_layer_cave, nicolae_ru_great_annihilating_truth,
          gammafunk_ghost_necromancy, minmay_pentangle
D:7:      layout_basic, mainiacjoe_overflow_alcove_1,
          mainiacjoe_overflow_brackets, minmay_temple_entry_oklob,
          uniq_menkaure, uniq_harold, uniq_prince_ribbit1

Notes
Turn   | Place    | Note
-------+----------+-------------------------------------------
     0 | D:1      | Faeu the Minotaur Fighter began the quest for the Orb.
     0 | D:1      | Reached XP level 1. HP: 19/19 MP: 0/0
     0 | D:1      | magus.rc [v1.9.6]
   189 | D:1      | You pick up a book of Decay and begin reading...
   189 | D:1      | You add the spells Corpse Rot, Dispel Undead and Death
                  | Channel to your library.
   271 | D:1      | Reached XP level 2. HP: 26/27 MP: 1/1
   355 | D:1      | Found a faded altar of an unknown god.
   435 | D:1      | Reached skill level 4 in Armour
   435 | D:1      | Reached skill level 4 in Shields
   465 | D:1      | Reached skill level 4 in Fighting
  1118 | D:2      | Noticed Robin
  1123 | D:2      | Reached skill level 3 in Long Blades
  1124 | D:2      | Reached XP level 3. HP: 30/33 MP: 2/2
  1129 | D:2      | Killed Robin
  1521 | D:2      | Found a snail-covered altar of Cheibriados.
  1725 | D:2      | Reached XP level 4. HP: 40/40 MP: 3/3
  1908 | D:3      | Noticed Jessica
  2286 | D:3      | magus.rc [v1.9.6]
  2287 | D:3      | magus.rc [v1.9.6]
  2334 | D:3      | Found Udumithe's Book Emporium.
  2497 | D:3      | Killed Jessica
  2702 | D:3      | Reached XP level 5. HP: 47/47 MP: 4/4
  2805 | D:4      | You pick up a book of Vapours and begin reading...
  3155 | D:4      | Noticed a necrophage
  3164 | D:4      | Killed a necrophage
  3165 | D:4      | Reached skill level 5 in Fighting
  3165 | D:4      | Reached skill level 4 in Long Blades
  3165 | D:4      | Reached skill level 5 in Armour
  3165 | D:4      | Reached skill level 5 in Shields
  3166 | D:4      | Reached XP level 6. HP: 46/56 MP: 5/5
  3381 | D:4      | magus.rc [v1.9.6]
  3523 | D:4      | Noticed Blork the orc
  3546 | D:4      | Killed Blork the orc
  4183 | D:5      | Entered Level 5 of the Dungeon
  4209 | D:5      | Reached skill level 5 in Long Blades
  4209 | D:5      | Reached XP level 7. HP: 45/62 MP: 6/6
  4341 | D:5      | Identified the +3 robe of Jauvar {rElec rF+ rC- Int+6}
  4358 | D:5      | Reached skill level 6 in Fighting
  4358 | D:5      | Reached skill level 6 in Armour
  4358 | D:5      | Reached skill level 6 in Shields
  4449 | D:5      | Found a shimmering blue altar of Sif Muna.
  4449 | D:5      | Found a white marble altar of Elyvilon.
  4519 | D:5      | Noticed Grinder
  4750 | D:5      | Killed Grinder
  4751 | D:5      | Reached skill level 6 in Long Blades
  4751 | D:5      | Reached XP level 8. HP: 52/71 MP: 7/7
  5006 | D:5      | Found a runed translucent door.
  5052 | D:5      | Found a basalt altar of Yredelemnul.
  5360 | D:6      | Reached skill level 7 in Fighting
  5360 | D:6      | Reached skill level 7 in Armour
  5360 | D:6      | Reached skill level 7 in Shields
  5656 | D:6      | magus.rc [v1.9.6]
  5710 | D:7      | HP: 18/73 [bullfrog (2)]
  5713 | D:7      | HP: 7/73 [poisoned by a killer bee]
  5714 | D:7      | HP: 3/73 [killer bee (3)]
  5714 | D:7      | Slain by a bullfrog

Vanquished Creatures
  Grinder (D:5)
  A water moccasin (D:5)
  A sky beast (D:6)
  A black bear (D:5)
  2 necrophages (D:4)
  An ice beast (D:6)
  A phantom (D:6)
  A centaur (D:6)
  Blork the orc (D:4)
  A scorpion (D:6)
  A wyvern skeleton (D:6)
  A howler monkey (D:4)
  4 hounds
  An orc priest (D:4)
  Jessica (D:3)
  A hound skeleton (D:5)
  Robin (D:2)
  2 adders (D:3)
  A shadow imp (D:6)
  An ufetubus (D:5)
  A worm (D:4)
  A dart slug (D:1)
  7 orcs
  4 ball pythons
  2 endoplasms
  12 giant cockroaches (D:2)
  14 goblins
  12 hobgoblins
  5 jackals
  7 kobolds
  A quokka (D:4)
  4 bats
  4 frilled lizards
  A jackal skeleton (D:5)
  A kobold skeleton (D:5)
  7 rats
108 creatures vanquished.

Vanquished Creatures (others)
  A plant (D:1)
1 creature vanquished.

Grand Total: 109 creatures vanquished

Table legend:
 A = Non-vault XP
 B = Vault XP
 C = Vault XP percentage of total XP
 D = Non-vault monster count
 E = Vault monster count
 F = Vault count percentage of total count
                 A         B        C        D         E       F
            +---------+---------+-------+---------+---------+-------
      Total |    1609 |     457 |  22.1 |      79 |      29 |  26.9
            +---------+---------+-------+---------+---------+-------
        D:1 |      35 |       3 |   7.9 |      20 |       2 |   9.1
        D:2 |      16 |      57 |  78.1 |      10 |      22 |  68.8
        D:3 |      49 |      37 |  43.0 |      16 |       1 |   5.9
        D:4 |     423 |      91 |  17.7 |      18 |       1 |   5.3
        D:5 |     432 |     269 |  38.4 |       8 |       3 |  27.3
        D:6 |     654 |       0 |   0.0 |       7 |       0 |   0.0
            +---------+---------+-------+---------+---------+-------

Illustrated notes

Table legend:
 A = Kills in this place as a percentage of kills in entire the game.
 B = Kills by you in this place as a percentage of kills by you in the entire game.
 C = Kills by friends in this place as a percentage of kills by friends in the entire game.
 D = Other kills in this place as a percentage of other kills in the entire game.
 E = Experience gained in this place as a percentage of experience gained in the entire game.
 F = Experience gained in this place divided by the number of levels of this place that you have seen.
                   A       B       C       D       E      F
               +-------+-------+-------+-------+-------+----------------------
         Total | 100.0 | 100.0 |   N/A |   N/A | 100.0 | 295.1
       Dungeon | 100.0 | 100.0 |   N/A |   N/A | 100.0 | 295.1
               +-------+-------+-------+-------+-------+----------------------

Table legend: (Time is in decaauts)
 A = Elapsed time spent in this place.
 B = Non-inter-level travel time spent in this place.
 C = Inter-level travel time spent in this place.
 D = Time resting spent in this place.
 E = Time spent auto-exploring this place.
 F = Levels seen in this place.
 G = Mean time per level.
                   A        B        C        D        E       F      G
               +--------+--------+--------+--------+--------+-----+--------+
         Total |   5772 |   5693 |     79 |    314 |   3690 |   7 |  824.6 |
       Dungeon |   5772 |   5693 |     79 |    314 |   3690 |   7 |  824.6 |
               +--------+--------+--------+--------+--------+-----+--------+

Top non-repeatable levels by time:
     D:4: 1419 daAuts
     D:1: 1119 daAuts
     D:2: 1074 daAuts
     D:5: 865 daAuts
     D:6: 649 daAuts
     D:3: 637 daAuts
     D:7: 6 daAuts
